 Dungeon Crawl Stone Soup version 0.32-a0-995-gb4a59205af (webtiles) character file.

Game seed: 6966782347664245072

22218621 jasper the Heavyweight Champion (level 27, 323/323 HPs)
             Began as a Troll Fighter on Apr 22, 2024.
             Was the Champion of Wu Jian.
             Escaped with the Orb
             ... and 15 runes
             ... and 1 gem on Apr 23, 2024!
             The game lasted 02:58:42 (68555 turns).

jasper the Heavyweight Champion (Troll Fighter)    Turns: 68555, Time: 02:58:42

Health: 323/323    AC: 45    Str: 44    XL:     27
Magic:  22/22      EV: 11    Int: 12    God:    Wu Jian [******]
Gold:   9632       SH: 28    Dex: 11    Spells: 3/26 levels left

rFire   + +          +
                       - Unarmed
rCold   + + +        E - +8 tower shield {AC+3}
rNeg    + + +        b - +12 gold dragon scales
rPois   ∞            n - +5 hat of Kiheos {Regen+ Int+6}
rElec   +            W - scarf {rC+ rF+}
rCorr   +            (gloves unavailable)
SInv    +            (boots unavailable)
Will    +++..        Q - amulet of the Lobster {^Fragile rC+ Regen+ Str+2} Stlth
                     d - ring of Oweigy {rElec rPois rF++ Str+6 SInv}
HPRegen 3.13/turn    H - ring "Duem Wid" {rElec rF+ rCorr}
MPRegen 0.18/turn

%: no passive effects
@: death-form, studying Throwing
A: vile attack, torment immunity, no potions, large, unfitting armour, claws 3,
regeneration 1, shaggy fur 1, tough skin 1, clumsy 1, deterioration 2, mutation
resistance 1
0: Orb of Zot
}: 15/15 runes: serpentine, barnacled, slimy, silver, golden, iron, obsidian,
icy, bone, abyssal, demonic, glowing, magical, fiery, dark
a: Siphon Essence, Begin Untransformation, Renounce Religion, Wall Jump,
Serpent's Lash, Heavenly Storm


You escaped.
You worshipped Wu Jian.
Wu Jian was exalted by your worship.
You were an undying horror.
You visited 18 branches of the dungeon, and saw 87 of its levels.
You visited Pandemonium 2 times, and saw 16 of its levels.
You visited the Abyss 3 times.
You visited 1 ziggurat, and saw 14 of its levels.
You also visited: Ice Cave, Volcano, Wizlab and Desolation.

You collected 15928 gold pieces.
You spent 6296 gold pieces at shops.

Inventory:

Hand Weapons
 s - the +13 sceptre of Asmodeus
   (You took it off Asmodeus on level 7 of Gehenna)

   Fire Summon: It may summon demons of flame and damnation when striking foes.
Missiles
 G - 14 throwing nets
 I - 25 javelins
Armour
 b - +12 gold dragon scales (worn)
 n - the +5 hat of Kiheos (worn) {Regen+ Int+6}
   (You acquired it on level 7 of the Dungeon)

   Int+6:     It affects your intelligence (+6).
   Regen+:    It increases your rate of health regeneration.
 E - a +8 tower shield of protection (worn)
 W - a scarf of resistance (worn)
Jewellery
 d - the ring of Oweigy (left claw) {rElec rPois rF++ Str+6 SInv}
   (You found it on level 10 of a ziggurat)

   [ring of strength]

   Str+6:     It affects your strength (+6).
   rF++:      It greatly protects you from fire.
   rElec:     It insulates you from electricity.
   rPois:     It protects you from poison.
   SInv:      It lets you see invisible.
 z - the ring "Nuapra" {Fly Dex+4 SInv}
   (You found it on level 3 of the Elven Halls)

   [ring of see invisible]

   Dex+4:     It affects your dexterity (+4).
   SInv:      It lets you see invisible.
   Fly:       It grants you flight.
 H - the ring "Duem Wid" (right claw) {rElec rF+ rCorr}
   (You took it off an efreet in Pandemonium)

   [ring of resist corrosion]

   rF+:       It protects you from fire.
   rElec:     It insulates you from electricity.
   rCorr:     It protects you from acid and corrosion.
 M - a ring of the Octopus King {rC+ HP+2 AC+2 EV+2 SH+2}
   (You found it on level 7 of a ziggurat)

   [ring of protection from cold]

   AC+2:      It affects your AC (+2).
   EV+2:      It affects your evasion (+2).
   rC+:       It protects you from cold.
   HP+2:      It affects your health (+2).
   SH+2:      It affects your SH (+2).
 N - a ring of protection from cold
 P - the ring "Ockyinaa" {rN+ EV+5}
   (You found it on level 4 of the Shoals)

   [ring of evasion]

   EV+5:      It affects your evasion (+5).
   rN+:       It protects you from negative energy.
 Q - the amulet of the Lobster (around neck) {^Fragile rC+ Regen+ Str+2}
   (You took it off a centaur warrior on level 1 of the Vaults)

   [amulet of regeneration]

   Str+2:     It affects your strength (+2).
   rC+:       It protects you from cold.
   Regen+:    It increases your rate of health regeneration.
   ^Fragile:  It will be destroyed if unequipped.
Talismans
 r - a talisman of death (active)
 X - a granite talisman
Wands
 t - a wand of digging (67)
 A - a wand of roots (95)
 J - a wand of light (60)
Scrolls
 c - 12 scrolls of vulnerability
 e - 10 scrolls of butterflies
 k - 12 scrolls of revelation
 m - 6 scrolls of silence
 o - a scroll of enchant weapon
 w - 8 scrolls of immolation
 C - 39 scrolls of teleportation
 L - 6 scrolls of fear
 T - 16 scrolls of fog
 Y - 8 scrolls of poison
 Z - 5 scrolls of blinking
Potions
 a - 2 potions of cancellation
 f - 44 potions of curing
 i - 9 potions of attraction
 j - 19 potions of lignification
 u - 17 potions of brilliance
 x - 7 potions of ambrosia
 y - 2 potions of invisibility
 B - 8 potions of haste
 D - 19 potions of might
 F - 2 potions of mutation
 K - 4 potions of berserk rage
 O - 23 potions of heal wounds
 U - 9 potions of resistance
 V - 3 potions of enlightenment
Miscellaneous
 g - a phial of floods
 h - a phantom mirror (inert)
 l - the horn of Geryon (inert)
 p - a figurine of a ziggurat
 q - a box of beasts (inert)
 R - a lightning rod (2/4)
 S - a tin of tremorstones (2/2)


   Skills:
 O Level 27 Fighting
 + Level 20.7 Armour
 - Level 20.1 Dodging
 - Level 20.1 Shields
 O Level 27 Unarmed Combat
 - Level 12.8 Translocations
 - Level 11.7 Air Magic
 - Level 15.3 Evocations
 - Level 25.0 Shapeshifting


You had 3 spell levels left.
You knew the following spells:

 Your Spells              Type           Power      Damage    Failure   Level
a - Apportation           Tloc           60%        N/A       1%          1
b - Vhi's Electric Charg  Tloc/Air       58%        N/A       14%         4
c - Blink                 Tloc           60%        N/A       1%          2
d - Swiftness             Air            28%        N/A       4%          3
e - Disjunction           Tloc           15%        N/A       100%        8
f - Silence               Hex/Air        7%         N/A       99%         5

Your spell library contained the following spells:

 Spells                   Type           Power      Damage    Failure   Level
 Lesser Beckoning         Tloc           60%        N/A       1%          2
 Maxwell's Portable Pile  Tloc           30%        2d(8-22)  3%          3
 Teleport Other           Tloc           30%        N/A       3%          3
 Shock                    Conj/Air       56%        1d6       19%         1
 Momentum Strike          Conj/Tloc      30%        3d8       24%         2
 Mercury Vapours          Alch/Air       28%        N/A       28%         2
 Volatile Blastmotes      Fire/Tloc      30%        2d12      43%         3
 Cigotuvi's Dreadful Rot  Necr/Alch/Air  18%        N/A       54%         2
 Mephitic Cloud           Conj/Alch/Air  9%         N/A       77%         3
 Freeze                   Ice            0%         1d3       91%         1
 Kiss of Death            Conj/Necr      0%         2d5       91%         1
 Magic Dart               Conj           0%         1d3       91%         1
 Necrotise                Necr           0%         1d4       91%         1
 Sandblast                Erth           0%         2d4       91%         1
 Sting                    Conj/Alch      0%         1d3       91%         1
 Summon Small Mammal      Summ           0%         N/A       91%         1
 Call Imp                 Summ           0%         N/A       97%         2
 Ensorcelled Hibernation  Hex/Ice        0%         N/A       97%         2
 Jinxbite                 Hex            0%         N/A       97%         2
 Scorch                   Fire           0%         2d5       97%         2
 Searing Ray              Conj           0%         2d4       97%         2
 Sublimation of Blood     Necr           0%         N/A       97%         2
 Call Canine Familiar     Summ           0%         N/A       99%         3
 Confusing Touch          Hex            0%         N/A       99%         3
 Dazzling Flash           Conj/Hex       0%         N/A       99%         3
 Frozen Ramparts          Ice            0%         1d1       99%         3
 Fugue of the Fallen      Necr           0%         N/A       99%         3
 Hailstorm                Conj/Ice       0%         3d5       99%         3
 Inner Flame              Hex/Fire       0%         N/A       99%         3
 Passwall                 Erth           0%         N/A       99%         3
 Sigil of Binding         Hex            0%         N/A       99%         3
 Stone Arrow              Conj/Erth      0%         3d7       99%         3
 Summon Ice Beast         Ice/Summ       0%         N/A       99%         3
 Tukima's Dance           Hex            0%         N/A       99%         3
 Vampiric Draining        Necr           0%         2d6       99%         3
 Passage of Golubria      Tloc           30%        N/A       11%         4
 Airstrike                Air            14%        2d(2-18)  17%         4
 Dimensional Bullseye     Hex/Tloc       7%         N/A       83%         4
 Iskenderun's Mystic Bla Conj/Tloc 15%            2d5        (+2d2     83%         4
 Dispersal                Tloc           15%        N/A       86%         6
 Gell's Gavotte           Tloc           15%        2d(18-26) 86%         6
 Summon Lightning Spire   Summ/Air       14%        N/A       88%         4
 Arcjolt                  Conj/Air       7%         1d17      99%         5
 Summon Forest            Summ/Tloc      7%         N/A       99%         5
 Anguish                  Hex/Necr       0%         N/A       100%        4
 Animate Armour           Summ/Erth      0%         N/A       100%        4
 Animate Dead             Necr           0%         N/A       100%        4
 Dispel Undead            Necr           0%         3d6       100%        4
 Flame Wave               Conj/Fire      0%         2d4       100%        4
 Fulminant Prism          Conj/Alch      0%         3d5       100%        4
 Leda's Liquefaction      Alch/Erth      0%         N/A       100%        4
 Martyr's Knell           Necr/Summ      0%         N/A       100%        4
 Olgreb's Toxic Radiance  Alch           0%         N/A       100%        4
 Petrify                  Alch/Erth      0%         N/A       100%        4
 Summon Blazeheart Golem  Fire/Summ      0%         N/A       100%        4
 Alistair's Intoxication  Alch           0%         N/A       100%        5
 Borgnjor's Vile Clutch   Necr/Erth      0%         N/A       100%        5
 Curse of Agony           Necr           0%         N/A       100%        5
 Freezing Cloud           Conj/Ice/Air   4%         6-21      100%        5
 Irradiate                Conj/Alch      0%         3d11      100%        5
 Iskenderun's Battlesphe  Conj           0%         2d6       100%        5
 Lee's Rapid Deconstruct  Erth           0%         3d4*      100%        5
 Metabolic Englaciation   Hex/Ice        0%         N/A       100%        5
 Yara's Violent Unravell  Hex/Alch       0%         3d3       100%        5
 Bombard                  Conj/Erth      0%         9d1       100%        6
 Conjure Ball Lightning   Conj/Air       7%         3x3d6     100%        6
 Death Channel            Necr           0%         N/A       100%        6
 Eringya's Noxious Bog    Alch           0%         4d6       100%        6
 Permafrost Eruption      Ice/Erth       0%         2x4d1     100%        6
 Plasma Beam              Fire/Air       7%         2x1d17    100%        6
 Sculpt Simulacrum        Ice/Alch       0%         N/A       100%        6
 Starburst                Conj/Fire      0%         6d3       100%        6
 Summon Cactus Giant      Summ           0%         N/A       100%        6
 Enfeeble                 Hex            0%         N/A       100%        7
 Haunt                    Necr/Summ      0%         N/A       100%        7
 Magnavolt                Erth/Air       7%         3d10      100%        7
 Malign Gateway           Summ/Tloc      7%         N/A       100%        7
 Monstrous Menagerie      Summ           0%         N/A       100%        7
 Orb of Destruction       Conj           0%         9d5       100%        7
 Ozocubu's Refrigeration  Ice            0%         4d7       100%        7
 Rimeblight               Ice/Necr       0%         2d3       (prima100%   7
 Spellforged Servitor     Conj/Summ      0%         N/A       100%        7
 Summon Hydra             Summ           0%         N/A       100%        7
 Discord                  Hex            0%         N/A       100%        8
 Maxwell's Capacitive Co  Air            14%        ∞         100%        8
 Summon Horrible Things   Summ           0%         N/A       100%        8
 Chain Lightning          Conj/Air       7%         3d9       100%        9
 Fire Storm               Conj/Fire      0%         5d1       100%        9
 Polar Vortex             Ice            0%         N/A       100%        9
 Shatter                  Erth           0%         3d5*      100%        9


Dungeon Overview and Level Annotations

Branches:
Dungeon (15/15)            Temple (1/1) D:7            Lair (5/5) D:9
 Shoals (4/4) Lair:3        Snake (4/4) Lair:3        Slime (5/5) Lair:5
    Orc (2/2) D:10            Elf (3/3) Orc:2        Vaults (5/5) D:13
  Crypt (3/3) Vaults:2       Tomb (3/3) Crypt:3      Depths (4/4) D:15
   Hell (visited)             Dis (7/7) Hell            Geh (7/7) Hell
    Coc (7/7) Hell            Tar (7/7) Hell            Zot (5/5) Depths:4
  IceCv (visited)         Volcano (visited)          WizLab (visited)
Desolation (visited)

Altars:
Ashenzari
Cheibriados
Dithmenos
Elyvilon
Fedhas
Gozag
Hepliaklqana
Kikubaaqudgha
Makhleb
Nemelex Xobeh
Okawaru
Qazlal
Ru
Sif Muna
Trog
Uskayaw
Vehumet
Wu Jian
Xom
Yredelemnul
Zin
The Shining One
Beogh
Jiyva

Shops:
D:4 =   D:8 [   Orc:2 [((:   Elf:1 (   Snake:3 [*(:   Vaults:1 !:   Vaults:2 !
Vaults:5 ??!!   Depths:1 [   Depths:3 [

Portals:
Hell: Depths:1 Depths:2 Depths:3 Depths:4
Abyss: Depths:3
Pandemonium: Depths:1 Depths:2
Trove: D:10 (give 16 potions of curing)

Annotations:
D:6 2 runed translucent doors
D:7 2 transporters, lucidstorm14's ghost, novice MiBe
Zot:1 2 transporters, AutarchDCSS's ghost, veteran DrWr
Zot:2 2 transporters


Innate Abilities, Weirdness & Mutations

You are an undying horror.
Your melee and unarmed attacks drain, slow and weaken victims.
You are immune to unholy pain and torment.
You cannot drink.
You are immune to poison.
You are too large for most types of armour.
You have claws for hands.
Your natural rate of healing is unusually fast.
You are covered in fur. (AC +1)
You have tough skin. (AC +1)
You are clumsy. (Dex -2)
Your body often deteriorates upon taking damage.
You are somewhat resistant to further mutation.


Message History

The Orb Guardian hits you but does no damage.
You mangle the Orb Guardian!!
You kill the Orb Guardian!
The Council accepts your kill.
There is a stone staircase leading up here.
You climb upwards.
There is a stone staircase leading down here.
There is a stone staircase leading up here.
You climb upwards.
There is a stone staircase leading down here.
There is a stone staircase leading up here.
You climb upwards.
There is a stone staircase leading down here.
There is a stone staircase leading up here.
You climb upwards.
There is a stone staircase leading down here.
A glowing orange brain comes into view.
You spin and attack the glowing orange brain repeatedly.
You eviscerate the glowing orange brain!!!
You kill the glowing orange brain!
The Council accepts your kill.
Okay, then.
A reaper comes into view. It is wielding a +1 scythe of venom.
The reaper hits you but does no damage.
You spin and attack the reaper repeatedly.
You mangle the reaper!!
The reaper decays.
The reaper is heavily wounded.
You scratch the reaper but do no damage.
The reaper is heavily wounded.
You enter the shallow water.
You spin and attack the reaper repeatedly.
You scratch the reaper.
The reaper decays.
The reaper is heavily wounded.
You scratch the reaper.
The reaper decays.
The reaper is heavily wounded.
You block the reaper's attack. You block the reaper's attack.
You enter the shallow water.
There is a staircase leading out of the dungeon here.
You have escaped!

#≈≈~≈...~~≈≈#..#.#
#≈≈≈.....~≈≈#..#.# ####
#≈≈~~...~.≈≈#..#.# ...#####
#≈≈~.....~~≈#..#.# ...'...#
#≈≈.......~~#..#.# ...###.#
#≈...~~~...~#.>#.# ...# #.#
#~..~~~~..~~#..#.# ...# #.#
#...~.≈~~.(~#..#.# ..## #.#
#...~~~z~~..#..#.####### ..# #.#
##.≈~≈≈~....#..#........ ..#
#.####.~≈≈≈≈~~..#..######### ..#
#...#.~~~≈≈~.~~.#.[.........
########.#..~..~.~2..#.##########
.......#.#.~~~.~.~...#..# #...
....##.#.#...~~.~....##.# #.##
.......#............###.# ####.#
.......#...#........# #.# #....#


You could see a reaper (slow, weak).

Vanquished Creatures
  Cerebov (Pan)
  Antaeus (Coc:7)
  Asmodeus (Geh:7)
  Dissolution (Slime:5)
  the Royal Jelly (Slime:5)
  Gloorx Vloq (Pan)
  Lom Lobon (Pan)
  Ignacio (Pan)
  Ereshkigal (Tar:7)
  2 seraphim
  Mnoleg (Pan)
  the Serpent of Hell (Coc:7)
  Khufu (Crypt:3)
  Dispater (Dis:7)
  2 dread liches
  4 ancient liches
  Mennas (Crypt:3)
  2 orbs of fire (Zot:5)
  4 juggernauts
  Xtahua (Crypt:2)
  Vv (Zot:4)
  36 royal mummies
  Josephina (Depths:3)
  11 Killer Klowns
  10 shard shrikes
  Parghit (Zot:1)
  Boris (twice) (Depths:4 Tomb:1)
  3 curse toes
  The ghost of freelancePsychic the Bringer of Light, a veteran MDMo of the Shining One (Depths:4)
  25 caustic shrikes
  Geryon (Hell)
  5 profane servitors
  13 golden dragons
  Norris (Depths:3)
  10 Tzitzimimeh
  2 pearl dragons (Pan)
  3 bone dragons
  11 iron giants
  2 electric golems (Zot:5)
  12 Brimstone Fiends
  6 hellephants
  6 doom hounds (Hell)
  20 tentacled monstrosities
  16 Hell Sentinels
  24 Ice Fiends
  Zenata (Elf:2)
  17 liches
  27 Orb Guardians
  10 tainted leviathans
  3 deep elf master archers
  29 searing wretches
  2 quicksilver dragons
  8 titans
  A deep elf blademaster (Elf:3)
  2 krakens
  17 death cobs
  14 sphinxes
  21 acid blobs
  37 ancient champions
  9 tentacled starspawn
  26 Executioners
  5 pandemonium lords (Pan)
  14 shadow dragons
  6 revenants
  12 storm dragons
  A thorn hunter (Zig:10)
  2 fenstrider witches
  Roxanne (Snake:2)
  19 daevas (Pan)
  9 protean progenitors
  10 tengu reavers
  9 rockslimes
  9 demonspawn warmongers (Pan)
  22 fire giants
  19 nagarajas
  15 quicksilver elementals
  Aizul (Snake:3)
  7 iron dragons
  17 narguns
  12 frost giants
  11 draconian shifters
  8 azure jellies
  8 draconian knights
  6 deep elf sorcerers
  12 draconian monks
  9 draconian scorchers
  10 deep elf elementalists (Elf:3)
  11 ghost moths
  39 balrugs
  3 imperial myrmidons (Desolation)
  5 shard shrike simulacra
  2 emperor scorpions (Zig:12)
  16 vault wardens
  16 angels (Pan)
  4 curse skulls
  2 juggernaut zombies
  A spectral juggernaut (Tar:4)
  6 ghouls (Crypt:1)
  4 orc warlords
  10 caustic shrike skeletons
  16 cacodemons (Pan)
  4 draconian stormcallers
  11 demonspawn corrupters (Pan)
  A spectral caustic shrike (Tar:1)
  4 quicksilver oozes
  2 caustic shrike zombies (Crypt:1)
  22 ironbound preservers
  8 spriggan defenders
  23 very ugly things
  13 demonspawn blood saints (Pan)
  32 reapers
  12 draconian annihilators
  2 broodmothers
  7 formless jellyfish
  7 juggernaut skeletons
  14 ophanim
  10 stone giants
  6 grey draconians (Zot:2)
  9 green draconians
  9 ironbound thunderhulks
  4 deep elf demonologists
  4 demonspawn black suns (Pan)
  17 black draconians
  4 deep elf death magi
  4 putrid mouths
  16 white draconians
  6 vampire knights
  11 deep elf annihilators
  13 wendigos
  3 lorocyprocas
  15 elemental wellsprings
  31 apis (Pan)
  5 purple draconians
  12 bennus
  7 spark wasps
  19 red draconians
  26 war gargoyles
  3 bunyips
  11 yellow draconians
  5 dire elephants (Vaults:1)
  Azrael (D:14)
  17 iron golems
  6 eidola
  22 blizzard demons
  20 mummy priests
  6 jiangshi
  5 crystal guardians
  2 pale draconians (Depths:4)
  10 green deaths
  10 merfolk impalers
  8 entropy weavers
  15 ettins
  5 merfolk javelineers
  13 ragged hierophants (Desolation)
  16 yaktaur captains
  8 fire dragons
  A shambling mangrove (Zig:10)
  2 spectral spriggans
  5 deep elf high priests
  33 vault guards
  Erolcha (Orc:2)
  15 salamander tyrants
  9 ice dragons
  8 servants of whispers (Desolation)
  10 great orbs of eyes
  3 ogre magi
  3 hell beasts (Pan)
  12 juggernaut simulacra
  7 hydras
  2 merfolk avatars (Shoals:4)
  A catoblepas (D:14)
  10 ironbound frosthearts
  17 rakshasas
  11 peacekeepers
  An alligator (Zig:10)
  12 caustic shrike simulacra
  5 ghost crabs (Crypt:3)
  A spectral tengu (Tar:2)
  7 merfolk aquamancers
  A quicksilver dragon skeleton (Crypt:1)
  7 spriggan air magi
  4 jorogumos (Pan)
  2 sphinx zombies
  2 alligator snapping turtles
  4 death knights
  29 centaur warriors
  45 dancing weapons
  2 spriggan skeletons
  19 stokers
  7 two-headed ogres
  29 death scarabs
  15 anacondas
  6 satyrs
  5 boulder beetles
  6 deep troll shamans
  25 hell hogs
  An azure jelly zombie (Crypt:1)
  6 thrashing horrors (Abyss:3)
  25 naga warriors
  5 demonic crawlers
  7 occultists
  9 spriggan berserkers
  9 tengu warriors
  5 death yaks
  35 soul eaters
  13 deep troll earth magi
  9 shock serpents
  27 naga sharpshooters
  Sonja (D:13)
  6 vampire magi
  A titan zombie (Tomb:1)
  A shock serpent (shapeshifter) (Vaults:5)
  75 sun demons
  17 deep elf knights
  2 hell knights
  Amaemon (D:8)
  2 storm dragon zombies
  A fire crab (shapeshifter) (Elf:1)
  2 golden dragon zombies (Depths:2)
  8 crystal echidnas
  7 wretched stars
  4 salamander mystics (Snake:2)
  23 sixfirhies
  7 skysharks
  7 iron trolls
  15 sea snakes
  15 shadow wraiths
  5 spriggans
  28 skeletal warriors
  8 deep elf archers
  A pharaoh ant (Zig:12)
  2 anaconda zombies (Hell)
  A spark wasp zombie (Depths:2)
  2 hellephant skeletons (Pan)
  5 swamp dragons
  An orb spider (Zig:12)
  7 glowing orange brains
  3 spriggan druids
  A deep troll (shapeshifter) (Vaults:5)
  8 sun moths
  18 shadow demons
  18 cherubim (Pan)
  3 quicksilver dragon simulacra
  A bog body (Crypt:1)
  2 orange crystal statues (Zig:1)
  2 goliath frogs (Zig:10)
  20 mana vipers
  2 spriggan simulacra
  A sun moth (shapeshifter) (Depths:2)
  53 deep trolls
  11 flayed ghosts
  8 naga ritualists
  8 arcanists
  2 alligator zombies
  An anaconda skeleton (Tomb:2)
  12 necromancers
  23 ironbound convokers
  A harpy (shapeshifter) (D:13)
  A bunyip skeleton (Tomb:3)
  A spectral iron dragon (Tar:2)
  A shadow dragon zombie (Depths:3)
  22 phantasmal warriors
  2 steelbarb worms (shapeshifter) (Vaults:5)
  2 obsidian statues (Zig:4)
  5 thermic dynamos (Elf:2)
  A golden dragon skeleton (Crypt:2)
  2 steelbarb worms
  8 orc sorcerers
  8 orc knights
  20 harpies
  25 deep elf pyromancers
  15 lindwurms
  2 frost giant zombies
  4 obsidian bats (Orc:2)
  7 cyclopes
  48 ugly things
  A fire giant zombie (Zig:5)
  A shadow dragon skeleton (Depths:3)
  A wolf spider (Zig:4)
  A faun (shapeshifter) (Depths:2)
  17 salamanders
  2 manticores (shapeshifter)
  A shining eye (shapeshifter) (Vaults:5)
  8 shining eyes
  24 deep elf zephyrmancers
  A goliath frog skeleton (Crypt:1)
  A spectral centaur (Tar:1)
  2 worldbinders
  6 elephants (Lair:5)
  32 large abominations
  34 moths of wrath
  2 alligator skeletons
  A cyclops (shapeshifter) (Vaults:4)
  2 will-o-the-wisps (Zig:10)
  2 dire elephant zombies (Crypt:1)
  5 fauns
  A water nymph (shapeshifter) (Vaults:5)
  10 merfolk sirens
  18 manticores
  6 kobold blastminers
  58 black mambas
  A stone giant skeleton (Vaults:2)
  11 water nymphs
  15 guardian serpents
  10 torpor snails
  A molten gargoyle (Desolation)
  A guardian serpent (shapeshifter) (Vaults:5)
  7 rust devils
  2 apocalypse crabs (Abyss:3)
  A yaktaur zombie (Vaults:3)
  17 vault sentinels
  16 cane toads
  22 naga magi
  8 ice statues
  5 toenail golems (Volcano)
  4 centaur zombies
  8 eyes of devastation
  A storm dragon simulacrum (Coc:1)
  19 smoke demons
  4 gargoyles (Crypt:3)
  5 unseen horrors (Tar:7)
  9 titan simulacra
  7 centaur skeletons
  An alligator snapping turtle zombie (Crypt:2)
  9 orange demons
  4 ice devils
  2 sea snake zombies (Hell)
  17 hellions
  Maggie (D:6)
  A bunyip simulacrum (Coc:2)
  31 yaktaurs
  7 spriggan zombies
  4 komodo dragons
  4 rime drakes
  6 tormentors
  5 tengu conjurers
  5 anaconda simulacra
  Psyche (D:12)
  An iron troll zombie (Crypt:2)
  A golden dragon simulacrum (Coc:7)
  2 iron giant simulacra
  13 freezing wraiths
  2 spectral harpies
  14 efreet
  7 ancient zymes
  51 guardian mummies
  A silent spectre (Abyss:3)
  5 red devils
  2 shadow dragon simulacra
  10 hellwings (Pan)
  2 yaktaur skeletons (Vaults:2)
  A troll (shapeshifter) (Elf:1)
  3 harpy zombies
  29 merfolk
  5 trolls
  A white draconian skeleton (Crypt:2)
  A tengu simulacrum (Depths:3)
  11 raiju
  2 iron dragon simulacra
  4 wind drakes
  3 harpy skeletons
  A jumping spider (shapeshifter) (Elf:1)
  56 saltlings (Desolation)
  13 polar bears
  A tarantella (Zig:12)
  6 glass eyes
  14 hornets
  6 dream sheep (Lair:5)
  16 blink frogs
  4 snapping turtles
  4 tyrant leeches
  A raiju (shapeshifter) (Depths:4)
  A frost giant simulacrum (Depths:1)
  A human simulacrum (Vaults:3)
  3 culicivoras
  A stone giant simulacrum (Crypt:1)
  5 air elementals
  6 ettin zombies
  A dream sheep (shapeshifter) (Vaults:5)
  74 slime creatures
  2 fire dragon skeletons (Crypt:3)
  3 fire bats (Abyss:3)
  7 shadows
  3 vampires
  41 yaks
  A naga simulacrum (Coc:4)
  21 ushabtiu
  2 centaur simulacra
  5 dire elephant simulacra
  2 ettin skeletons
  18 ynoxinuls
  A black mamba zombie (Crypt:1)
  A wyvern (shapeshifter) (D:13)
  17 wraiths
  28 fire elementals
  23 water elementals
  Eustachio (D:5)
  A human (shapeshifter) (D:15)
  43 starcursed masses
  2 wyverns
  An alligator snapping turtle simulacrum (Coc:2)
  2 golden eyes
  4 basilisks
  19 neqoxecs
  3 steam dragons
  8 vampire mosquitoes
  12 wargs
  21 chaos spawn
  A death yak simulacrum (IceCv)
  5 humans (Volcano)
  2 naga zombies (Tomb:1)
  A deep troll zombie (Crypt:1)
  3 redbacks
  11 harpy simulacra
  56 nagas
  A glowing shapeshifter zombie (Depths:1)
  14 hell hounds
  A glowing shapeshifter skeleton (Depths:3)
  6 water moccasins
  3 acid dragons
  Duvessa (D:5)
  7 small abominations
  2 hydra simulacra (Coc:7)
  39 orc warriors
  2 naga skeletons
  A sky beast (Abyss:3)
  An ice beast (shapeshifter) (Vaults:5)
  13 black bears
  A black mamba simulacrum (Coc:1)
  7 ice beasts
  4 ettin simulacra
  7 boggarts
  45 laughing skulls
  An ice dragon simulacrum (Coc:5)
  27 wolves
  9 ogres
  A hog zombie (Crypt:2)
  A phantom (D:6)
  11 centaurs
  A kobold brigand (D:7)
  2 weeping skulls (Abyss:3)
  A gnoll sergeant (D:8)
  Blork the orc (D:4)
  A brain worm (Abyss:3)
  3 earth elementals (Elf:1)
  12 bullfrogs
  A scorpion (D:4)
  3 cane toad simulacra
  6 wights
  A cyclops skeleton (Crypt:1)
  2 elephant simulacra
  5 killer bees (D:9)
  7 electric eels
  8 howler monkeys
  2 quasits
  3 hounds
  9 jellies
  20 orc priests
  A bombardier beetle (D:5)
  5 gnoll boudas
  4 iguanas
  An iron imp (Abyss:3)
  Jessica (D:3)
  A sleepcap (D:7)
  Ijyb (D:3)
  A human skeleton (Crypt:1)
  34 orc wizards
  4 hell rats (Hell)
  2 polar bear simulacra (Lair:5)
  A wolf simulacrum (IceCv)
  A sky beast zombie (Crypt:2)
  58 mummies
  19 gnolls
  A steam dragon zombie (Crypt:1)
  3 adders
  4 white imps
  4 ufetubi (Abyss:3)
  5 dart slugs
  A ribbon worm (D:8)
  131 orcs
  4 ball pythons
  2 bats
  7 endoplasms
  4 giant cockroaches
  6 goblins
  7 hobgoblins
  5 jackals
  6 kobolds
  3 quokkas (D:1)
  A bombardier beetle zombie (Crypt:2)
  A frilled lizard (D:1)
  A kobold skeleton (Crypt:2)
  A quokka zombie (Crypt:2)
  2 rats (D:1)
  5 aspiring fleshes
  2 ball lightnings (Pan)
  3 creeping infernos
  6 fire vortices
  A lurking horror (Abyss:3)
  7 starspawn tentacles
  11 tentacles
4529 creatures vanquished.

Vanquished Creatures (collateral kills)
  A daeva (Depths:4)
  A hound (D:5)
2 creatures vanquished.

Vanquished Creatures (others)
  2 eldritch tentacles (Pan)
  A nagaraja (Pan)
  A draconian scorcher (Zot:3)
  A shard shrike simulacrum (Coc:5)
  A reaper (Pan)
  A balrug (Geh:7)
  A deep elf demonologist (Elf:3)
  A caustic shrike simulacrum (Coc:6)
  2 stokers (Geh:7)
  2 merfolk aquamancers
  A soul eater (Pan)
  A sixfirhy (Pan)
  A spriggan simulacrum (Coc:5)
  A titan simulacrum (Coc:5)
  A bunyip simulacrum (Coc:1)
  A bloated husk (Zig:10)
  A naga simulacrum (Coc:4)
  A water elemental (Elf:3)
  A steam dragon (Depths:4)
  A harpy simulacrum (Coc:4)
  A hydra simulacrum (Coc:4)
  2 boggarts
  Dowan (D:5)
  An orc wizard (Orc:2)
  A white imp (Abyss:3)
  2 orcs (Orc:2)
  10 ball lightnings (Pan)
  A creeping inferno (Geh:7)
  A fire vortex (Pan)
  6 foxfires (Zig:10)
  2 lurking horrors (Abyss:3)
  14 starspawn tentacles
  18 tentacles
83 creatures vanquished.

Grand Total: 4614 creatures vanquished

Notes
Turn   | Place    | Note
-------+----------+-------------------------------------------
     0 | D:1      | jasper the Troll Fighter began the quest for the Orb.
     0 | D:1      | Reached XP level 1. HP: 22/22 MP: 0/0
    76 | D:1      | Reached XP level 2. HP: 29/29 MP: 1/1
   486 | D:1      | Reached XP level 3. HP: 36/36 MP: 2/2
  1630 | D:3      | Noticed Jessica
  1642 | D:3      | Killed Jessica
  1643 | D:3      | Reached XP level 4. HP: 44/44 MP: 3/3
  1895 | D:3      | Noticed Ijyb
  1911 | D:3      | Killed Ijyb
  2173 | D:3      | Found a faded altar of an unknown god.
  2563 | D:4      | Noticed Blork the orc
  2583 | D:4      | Killed Blork the orc
  2584 | D:4      | Reached XP level 5. HP: 25/53 MP: 4/4
  2625 | D:4      | Found Qirei's Jewellery Boutique.
  2694 | D:4      | Found a basalt altar of Yredelemnul.
  2696 | D:4      | Found a shadowy altar of Dithmenos.
  2703 | D:4      | Found a hide-covered altar of Uskayaw.
  2703 | D:4      | Found a bloodstained altar of Trog.
  2704 | D:4      | Found a stormy altar of Qazlal.
  2767 | D:4      | Reached XP level 6. HP: 49/61 MP: 5/5
  3055 | D:5      | Entered Level 5 of the Dungeon
  3138 | D:5      | Noticed Eustachio
  3159 | D:5      | Killed Eustachio
  3197 | D:5      | Reached skill level 5 in Unarmed Combat
  3197 | D:5      | Reached XP level 7. HP: 60/67 MP: 6/6
  3668 | D:5      | Noticed Duvessa
  3668 | D:5      | Noticed Dowan
  3682 | D:5      | Your ally Dowan died
  3702 | D:5      | Killed Duvessa
  3800 | D:5      | Reached XP level 8. HP: 65/78 MP: 7/7
  4114 | D:6      | Noticed Maggie
  4161 | D:6      | Killed Maggie
  4162 | D:6      | Reached skill level 5 in Shields
  4359 | D:6      | Found a large runed translucent door.
  4461 | D:6      | Found a large runed translucent door.
  4461 | D:6      | Found a shimmering altar of Xom.
  5069 | D:7      | Found a staircase to the Ecumenical Temple.
  5098 | Temple   | Entered the Ecumenical Temple
  5131 | Temple   | Became a worshipper of the Wu Jian Council
  5221 | D:7      | Reached skill level 5 in Fighting
  5221 | D:7      | Reached skill level 5 in Dodging
  5221 | D:7      | Reached XP level 9. HP: 88/88 MP: 8/8
  5355 | D:7      | Noticed a two-headed ogre
  5371 | D:7      | Killed a two-headed ogre
  5463 | D:7      | Identified a scroll of acquirement
  5463 | D:7      | Acquired the +5 hat of Kiheos {Regen+ Int+6}
  5557 | D:7      | Found a transporter.
  5557 | D:7      | Noticed a moth of wrath
  5562 | D:7      | Found a transporter.
  5563 | D:7      | Noticed lucidstorm14's ghost (novice MiBe)
  5565 | D:7      | Found the +2 hat of the Bear Spirit {Spirit, Bear, *Rage
                  | Will++}
  5904 | D:8      | Reached * piety under Wu Jian
  6004 | D:8      | Found a snail-covered altar of Cheibriados.
  6099 | D:8      | Identified the +5 ring mail of the New World {Rampage +Inv}
  6110 | D:8      | Noticed a two-headed ogre
  6114 | D:8      | Noticed an orange demon
  6131 | D:8      | Killed an orange demon
  6131 | D:8      | Killed a two-headed ogre
  6132 | D:8      | Reached XP level 10. HP: 98/98 MP: 9/9
  6135 | D:8      | Noticed Amaemon
  6161 | D:8      | Killed Amaemon
  6257 | D:8      | Found an iron altar of Okawaru.
  6297 | D:8      | Found a sacrificial altar of Ru.
  6413 | D:8      | Found Wucvaq's Armour Shop.
  6413 | D:8      | Noticed an animated storm dragon scales
  6415 | D:8      | Noticed an animated gold dragon scales
  6527 | D:9      | Identified the ring of Amelioration {rCorr Str+3 Dex+6
                  | Slay+4}
  6547 | D:9      | Noticed a two-headed ogre
  6559 | D:9      | Killed a two-headed ogre
  6560 | D:9      | Reached skill level 10 in Unarmed Combat
  6731 | D:9      | Reached ** piety under Wu Jian
  6841 | D:9      | Found a staircase to the Lair.
  7033 | D:9      | Reached XP level 11. HP: 107/107 MP: 10/10
  7430 | D:9      | Reached *** piety under Wu Jian
  7626 | D:10     | Entered Level 10 of the Dungeon
  7805 | D:10     | Found a staircase to the Orcish Mines.
  7878 | D:10     | Found a portal to a secret trove of treasure.
  7896 | D:10     | Identified the +0 robe "Zaewu" {rC++}
  7914 | D:10     | Found a white marble altar of Elyvilon.
  7943 | D:10     | Reached **** piety under Wu Jian
  7954 | D:10     | Found an ancient bone altar of Kikubaaqudgha.
  8804 | D:11     | Found a radiant altar of Vehumet.
  9204 | D:12     | Noticed a deep elf pyromancer
  9211 | D:12     | Killed a deep elf pyromancer
  9222 | D:12     | Found a blossoming altar of Fedhas.
  9245 | D:12     | Identified the +9 falchion of the Vine {freeze, rCorr
                  | Int+2}
  9285 | D:12     | Reached XP level 12. HP: 99/119 MP: 11/11
  9441 | D:12     | Noticed Psyche
  9446 | D:12     | Killed Psyche
  9936 | Lair:1   | Entered Level 1 of the Lair of Beasts
 10125 | Lair:1   | Found an iron altar of Okawaru.
 10681 | Lair:2   | Reached skill level 1 in Shapeshifting
 10814 | Lair:2   | Noticed a six-headed hydra
 10837 | Lair:2   | Killed a ten-headed hydra
 11649 | Lair:3   | Reached XP level 13. HP: 122/128 MP: 12/12
 11736 | Lair:3   | Found a staircase to the Snake Pit.
 11821 | Lair:3   | Reached skill level 5 in Shapeshifting
 11884 | Lair:3   | Found a staircase to the Shoals.
 11970 | Lair:3   | Reached skill level 10 in Dodging
 12425 | Lair:4   | Reached ***** piety under Wu Jian
 12654 | Lair:4   | Found the +3 pair of seven-league boots {Rampage+∞}
 12782 | Lair:5   | Entered Level 5 of the Lair of Beasts
 12895 | Lair:5   | Found a frozen archway.
 12915 | Lair:5   | Reached skill level 10 in Shapeshifting
 12944 | Lair:5   | Reached XP level 14. HP: 112/137 MP: 13/13
 12995 | IceCv    | Entered an ice cave
 12998 | IceCv    | Found a transporter.
 13011 | IceCv    | Found a transporter.
 13052 | IceCv    | Identified the +3 scimitar of Kuvumouss {elec, rElec Int+3}
 13283 | Lair:5   | Got an earthy gem with 521 turns to spare
 13535 | Lair:5   | Found a staircase to the Slime Pits.
 14042 | Lair:5   | Noticed a quicksilver ooze
 14044 | Lair:5   | Killed a quicksilver ooze
 14333 | Orc:1    | Entered Level 1 of the Orcish Mines
 14496 | Orc:2    | Entered Level 2 of the Orcish Mines
 14524 | Orc:2    | Found a staircase to the Elven Halls.
 14551 | Orc:2    | Noticed Erolcha
 14558 | Orc:2    | Found a dark tunnel.
 14562 | Orc:2    | Killed Erolcha
 14585 | Volcano  | Entered a volcano
 14597 | Volcano  | Reached ****** piety under Wu Jian
 14854 | Orc:2    | Found a roughly hewn altar of Beogh.
 14854 | Orc:2    | Found Geg Tul's Book Boutique.
 14864 | Orc:2    | Bought a book of Lightning for 432 gold pieces
 14904 | Orc:2    | Noticed an orc warlord
 14915 | Orc:2    | Reached XP level 15. HP: 91/146 MP: 14/14
 14921 | Orc:2    | Paralysed by an orc sorcerer for 2 turns
 14934 | Orc:2    | Found a roughly hewn altar of Beogh.
 14936 | Orc:2    | Found Enkiffol's Weapon Boutique.
 15016 | Orc:2    | Found a roughly hewn altar of Beogh.
 15035 | Orc:2    | Found a roughly hewn altar of Beogh.
 15120 | Orc:2    | Found a roughly hewn altar of Beogh.
 15444 | Orc:2    | Reached skill level 10 in Shields
 15459 | Orc:2    | Found a roughly hewn altar of Beogh.
 15459 | Orc:2    | Found Huble's Antique Armour Shop.
 15463 | Orc:2    | Found Ezokuikhu's Antique Weapon Boutique.
 16381 | D:13     | Noticed a fire giant
 16386 | D:13     | Reached skill level 15 in Unarmed Combat
 16389 | D:13     | Killed a fire giant
 16526 | D:13     | Noticed Sonja
 16531 | Abyss:1  | Cast into level 1 of the Abyss (Sonja)
 16594 | D:13     | Escaped the Abyss
 16598 | D:13     | Killed Sonja
 16636 | D:13     | Found a gate to the Vaults.
 17012 | D:14     | Got the Guidebook on Puissant Snow
 17063 | D:14     | Noticed Azrael
 17078 | D:14     | Killed Azrael
 17431 | D:15     | Entered Level 15 of the Dungeon
 17514 | D:15     | Reached skill level 10 in Fighting
 17652 | D:15     | Reached XP level 16. HP: 146/158 MP: 15/15
 17776 | D:15     | Learned a level 1 spell: Apportation
 17888 | D:15     | Gained mutation: Your spells are a little harder to cast,
                  | but a little more powerful. [a neqoxec]
 17910 | D:15     | Found a staircase to the Depths.
 18400 | Snake:1  | Entered Level 1 of the Snake Pit
 19014 | Snake:1  | Got the Directory of Citrinitas
 19226 | Snake:1  | Acquired the +0 cloak of the Sky {Will+ Int-2 SInv Stlth+}
 20008 | Snake:2  | Noticed Roxanne
 20021 | Snake:2  | Killed Roxanne
 20112 | Snake:2  | Reached XP level 17. HP: 170/170 MP: 16/16
 20147 | Snake:2  | Reached skill level 15 in Shapeshifting
 20229 | Snake:2  | Learned a level 4 spell: Vhi's Electric Charge
 20789 | Snake:3  | Found Meofy's Book Emporium.
 20789 | Snake:3  | Identified the serpent talisman of Valiance {rCorr Str-3
                  | Int+9 Dex-3}
 20789 | Snake:3  | Noticed Aizul
 20791 | Snake:3  | Found Pairrue's Weapon Shoppe.
 20808 | Snake:3  | Found Dic Umuf's Assorted Antiques.
 20811 | Snake:3  | Killed Aizul
 20817 | Snake:3  | Bought a potion of curing for 81 gold pieces
 20824 | Snake:3  | Bought a manual of Dodging for 1680 gold pieces
 21108 | Snake:3  | Found Gakun's Antique Armour Shop.
 21522 | Snake:3  | Got Incantation, Volume Four
 21782 | Snake:4  | Entered Level 4 of the Snake Pit
 22080 | Snake:4  | Reached XP level 18. HP: 182/182 MP: 17/17
 22093 | Snake:4  | Got a serpentine rune of Zot
 22982 | Shoals:1 | Entered Level 1 of the Shoals
 22984 | Shoals:1 | You fall into a shaft and drop 1 floor!
 23670 | Shoals:2 | Identified the +5 great mace of the Fortifying Fool {flame,
                  | *Noise Str+2 Dex+5}
 24160 | Shoals:3 | Reached skill level 1 in Translocations
 24182 | Shoals:3 | Reached skill level 1 in Air Magic
 24552 | Shoals:4 | Entered Level 4 of the Shoals
 24688 | Shoals:4 | Identified the +6 arbalest of Zuipud {heavy, +Blink Int+2}
 24698 | Shoals:4 | Identified the ring "Ockyinaa" {rN+ EV+5}
 24825 | Shoals:4 | Reached XP level 19. HP: 191/191 MP: 18/18
 24889 | Shoals:4 | Got a barnacled rune of Zot
 25203 | Shoals:4 | Identified the +1 triple crossbow of Light {penet, rC-
                  | Str+3 Int+4}
 25256 | Shoals:4 | Identified the +1 scale mail of Gitudossau {Stlth+}
 25268 | Shoals:4 | Got the Exposition on Created Vapour
 25563 | Vaults:1 | Entered Level 1 of the Vaults
 25565 | Vaults:1 | Reached skill level 5 in Translocations
 25569 | Vaults:1 | Found Zezxonur's Distillery.
 25778 | Vaults:1 | Reached skill level 5 in Air Magic
 25807 | Vaults:1 | Identified the amulet of the Lobster {^Fragile rC+ Regen+
                  | Str+2}
 25812 | Vaults:1 | Found Zueramn's Book Shop.
 25835 | Vaults:1 | Bought a manual of Unarmed Combat for 1280 gold pieces
 26061 | Vaults:1 | Bought a potion of might for 68 gold pieces
 26061 | Vaults:1 | Bought a potion of curing for 51 gold pieces
 26061 | Vaults:1 | Bought a potion of curing for 51 gold pieces
 26212 | Vaults:1 | You fall into a shaft and drop 1 floor!
 26218 | Vaults:2 | Found Taody's Distillery.
 26362 | Vaults:2 | Found a crumbling gateway.
 26372 | Desolati | Entered the Desolation of Salt
 26513 | Desolati | Reached XP level 20. HP: 200/200 MP: 19/19
 26771 | Desolati | Found the +6 lightning scales {swift, rElec}
 26797 | Desolati | Got the Secrets of the Throng
 26821 | Desolati | Identified the amulet of Woicafe {Acrobat rPois Str+3
                  | Dex+3}
 27019 | Desolati | Identified the amulet "Ecuerr" {Spirit Harm +Inv Will-
                  | rCorr}
 27054 | Desolati | Identified the +1 helmet of Efueskou {rElec rPois Int+5
                  | Dex-5}
 27057 | Desolati | Got the Catalogue of the Bonfire and Invitation
 27058 | Desolati | Identified the +1 spear of Aseobec {distort, rF+ Str+3}
 27062 | Desolati | Found the +3 pair of gauntlets of War {Slay+5}
 27065 | Desolati | Identified the +0 scale mail of Fyug {Rampage Will+ Int+2
                  | Dex-5}
 27563 | Vaults:2 | Found a staircase to the Crypt.
 27806 | Vaults:2 | Bought a potion of curing for 33 gold pieces
 27806 | Vaults:2 | Bought 2 potions of heal wounds for 110 gold pieces
 28213 | Vaults:3 | Reached skill level 10 in Translocations
 28656 | Vaults:3 | Reached XP level 21. HP: 208/208 MP: 20/20
 29091 | Vaults:4 | Reached skill level 10 in Air Magic
 29347 | Vaults:4 | Found the +6 arbalest "Damnation" {damnation}
 29369 | Vaults:4 | Identified the +1 shortbow of Might {speed, rN+}
 30569 | Depths:1 | Entered Level 1 of the Depths
 30585 | Depths:1 | Found a stormy altar of Qazlal.
 30731 | Depths:1 | Found a one-way gate leading to the halls of Pandemonium.
 30936 | Depths:1 | Found an ancient bone altar of Kikubaaqudgha.
 30989 | Depths:1 | Found Hixzot's Armour Shoppe.
 31247 | Depths:1 | Found a gateway to Hell.
 31640 | Depths:2 | Found a one-way gateway to a ziggurat.
 31647 | Depths:2 | Lost mutation: Your spells are a little harder to cast, but
                  | a little more powerful. [a shining eye]
 31652 | Depths:2 | Gained mutation: You have hidden genetic defects. [a
                  | shining eye]
 31964 | Depths:2 | Acquired 664 gold pieces
 32026 | Depths:2 | Reached XP level 22. HP: 217/217 MP: 21/21
 32125 | Depths:2 | Gained mutation: Armour fits poorly on your strangely
                  | shaped body. [hidden defects]
 32879 | Depths:3 | Gained mutation: You sometimes lose your temper in combat.
                  | [hidden defects]
 32879 | Depths:3 | Lost mutation: You have hidden genetic defects. [hidden
                  | defects expressed]
 32881 | Depths:3 | Lost mutation: You sometimes lose your temper in combat.
                  | [potion of mutation]
 32881 | Depths:3 | Lost mutation: Armour fits poorly on your strangely shaped
                  | body. [potion of mutation]
 32881 | Depths:3 | Gained mutation: You are clumsy. (Dex -2) [potion of
                  | mutation]
 32881 | Depths:3 | Gained mutation: You are resistant to electric shocks.
                  | (rElec) [potion of mutation]
 32924 | Depths:3 | Paralysed by a sphinx for 3 turns
 33126 | Depths:3 | Found Xepnain's Antique Armour Shop.
 33181 | Depths:3 | Noticed Norris
 33201 | Depths:3 | Killed Norris
 33281 | Depths:3 | Identified the ring of Vehumet's Pride {Ice *Slow rPois
                  | Dex+5 Stlth+}
 33281 | Depths:3 | Noticed Josephina
 33290 | Depths:3 | Killed Josephina
 33317 | Depths:3 | Found a shadowy altar of Dithmenos.
 33695 | Depths:3 | Found a one-way gate to the infinite horrors of the Abyss.
 34085 | Depths:4 | Entered Level 4 of the Depths
 34101 | Depths:4 | Noticed freelancePsychic's ghost (veteran MDMo)
 34104 | Depths:4 | Found a runed translucent door.
 34115 | Depths:4 | Noticed a juggernaut
 34126 | Depths:4 | Killed a juggernaut
 34127 | Depths:4 | Reached XP level 23. HP: 228/228 MP: 19/22
 34251 | Depths:4 | Identified the +3 robe "Zekh" {rF+}
 34251 | Depths:4 | Noticed Boris
 34254 | Depths:4 | Killed Boris
 34292 | Depths:4 | Noticed a caustic shrike
 34294 | Depths:4 | Noticed a caustic shrike
 34296 | Depths:4 | Noticed a caustic shrike
 34297 | Depths:4 | Killed a caustic shrike
 34301 | Depths:4 | Killed a caustic shrike
 34304 | Depths:4 | Killed a caustic shrike
 34340 | Depths:4 | Noticed a juggernaut
 34345 | Depths:4 | Killed a juggernaut
 34467 | Depths:4 | Found an opulent altar of Gozag.
 34765 | Depths:4 | Found a gate to the Realm of Zot.
 34926 | Depths:4 | Killed freelancePsychic's ghost
 35178 | Vaults:5 | Entered Level 5 of the Vaults
 35190 | Vaults:5 | Reached skill level 15 in Shields
 35243 | Vaults:5 | Noticed an ancient lich
 35247 | Vaults:5 | Killed an ancient lich
 35459 | Vaults:5 | Reached XP level 24. HP: 241/241 MP: 22/22
 35539 | Vaults:5 | Got a silver rune of Zot
 35637 | Vaults:5 | Noticed a dread lich
 35649 | Vaults:5 | Killed a dread lich
 35701 | Vaults:5 | Got Fovis's Compilation of Despair
 35702 | Vaults:5 | Identified the +6 chain mail of Lugonu's Regard {rElec rN+
                  | Str-3 Int+3}
 35759 | Vaults:5 | Got the Elucidation of the Wispy Oath
 35768 | Vaults:5 | Identified the +1 giant club "Tuntixony" {protect, rPois
                  | rN+ Int-5 Stlth+}
 35911 | Vaults:5 | Found Ygiudehy's Distillery.
 35916 | Vaults:5 | Bought 2 potions of heal wounds for 220 gold pieces
 35916 | Vaults:5 | Bought a potion of heal wounds for 110 gold pieces
 35916 | Vaults:5 | Bought a potion of heal wounds for 110 gold pieces
 35916 | Vaults:5 | Bought a potion of might for 88 gold pieces
 35916 | Vaults:5 | Bought a potion of curing for 66 gold pieces
 35916 | Vaults:5 | Bought a potion of might for 88 gold pieces
 35916 | Vaults:5 | Bought a potion of might for 88 gold pieces
 36084 | Vaults:5 | Found Evim's Magic Scroll Shop.
 36088 | Vaults:5 | Bought a scroll of acquirement for 728 gold pieces
 36088 | Vaults:5 | Bought a scroll of teleportation for 42 gold pieces
 36088 | Vaults:5 | Bought a scroll of teleportation for 42 gold pieces
 36088 | Vaults:5 | Bought a scroll of immolation for 56 gold pieces
 36088 | Vaults:5 | Acquired 477 gold pieces
 36102 | Vaults:5 | Found Veizi's Magic Scroll Emporium.
 36114 | Vaults:5 | Bought a scroll of fog for 72 gold pieces
 36114 | Vaults:5 | Bought a scroll of revelation for 135 gold pieces
 36200 | Vaults:5 | Identified the +7 battleaxe of Wupisug {spect, rElec rC++
                  | rCorr Dex-2}
 36215 | Vaults:5 | Acquired 525 gold pieces
 36218 | Vaults:5 | Identified the +4 mace of Classification {spect, Dex+3}
 36248 | Vaults:5 | Identified the +0 robe of the Meadowlark {rC- Int+2 Dex-5
                  | Slay+5}
 36418 | Vaults:5 | Found Ykoywohi's Distillery.
 36423 | Vaults:5 | Bought a potion of might for 76 gold pieces
 36423 | Vaults:5 | Bought a potion of lignification for 57 gold pieces
 36423 | Vaults:5 | Bought a potion of curing for 57 gold pieces
 36423 | Vaults:5 | Bought a potion of lignification for 57 gold pieces
 36423 | Vaults:5 | Bought a potion of curing for 57 gold pieces
 36423 | Vaults:5 | Bought a potion of haste for 190 gold pieces
 36423 | Vaults:5 | Bought a potion of heal wounds for 95 gold pieces
 36423 | Vaults:5 | Bought a potion of might for 76 gold pieces
 36666 | Elf:1    | Entered Level 1 of the Elven Halls
 36823 | Elf:1    | Found Nenk's Weapon Shoppe.
 37463 | Elf:2    | Noticed Zenata
 37465 | Elf:2    | Killed Zenata
 37646 | Elf:2    | Found a runed translucent gate.
 37653 | Elf:2    | Found a runed translucent gate.
 37658 | Elf:2    | Found a runed translucent gate.
 37995 | Elf:2    | Paralysed by an air elemental for 1 turns
 38002 | Elf:2    | Paralysed by an air elemental for 1 turns
 38259 | Elf:2    | Reached skill level 15 in Fighting
 38299 | Elf:2    | Identified the blade talisman of Terror {rN++}
 38497 | Elf:3    | Entered Level 3 of the Elven Halls
 38727 | Elf:3    | Found a magical portal.
 38736 | WizLab   | Entered Doroklohe's Tomb
 38985 | WizLab   | Acquired the +1 cloak of Starlight {*Dazzle EV+4 Stlth--}
 38985 | WizLab   | Found the +1 cloak of Starlight {*Dazzle EV+4 Stlth--}
 39000 | WizLab   | Reached XP level 25. HP: 253/253 MP: 11/22
 39576 | Elf:3    | Paralysed by an air elemental for 1 turns
 39815 | Elf:3    | Identified the +1 robe of Zeot {rN+ Str+4 Int+3}
 39818 | Elf:3    | Got Cerebov's Almanac of the Salvo
 39825 | Elf:3    | Identified the +1 long sword "Qeucoa" {drain, Fly rPois}
 39873 | Elf:3    | Identified the ring "Nuapra" {Fly Dex+4 SInv}
 39919 | Elf:3    | Identified the amulet of Pavuitwe {Faith rF+ Will+}
 39929 | Elf:3    | Identified the staff of Ureqif {rF+ rN+ Summ Fire Ice
                  | Earth}
 39931 | Elf:3    | Identified the +6 quarterstaff "Ileenum" {heavy, Str+3}
 39941 | Elf:3    | Got Latoix's Anthology of the Spawned Voyage
 40243 | Slime:1  | Entered Level 1 of the Pits of Slime
 40338 | Slime:4  | Gained mutation: You are robust. (+10% HP) [a shining eye]
 40342 | Slime:4  | Lost mutation: You are robust. (+10% HP) [a shining eye]
 40558 | Slime:5  | Entered Level 5 of the Pits of Slime
 40574 | Slime:5  | Noticed Dissolution
 40581 | Slime:5  | Killed Dissolution
 40655 | Slime:5  | Noticed the Royal Jelly
 40667 | Slime:5  | Found a viscous altar of Jiyva.
 40672 | Slime:5  | Killed the Royal Jelly
 40781 | Slime:5  | Got a slimy rune of Zot
 40863 | Slime:5  | Identified the +2 plate armour "Apnith" {^Drain Fly rC+
                  | Str+3}
 41402 | Zot:1    | Entered Level 1 of the Realm of Zot
 41528 | Zot:1    | Noticed Parghit
 41538 | Zot:1    | Killed Parghit
 41605 | Zot:1    | Found a transporter.
 41605 | Zot:1    | Noticed AutarchDCSS's ghost (veteran DrWr)
 41639 | Zot:1    | Found a transporter.
 42204 | Zot:2    | Found a transporter.
 42544 | Zot:2    | Found a transporter.
 42544 | Zot:2    | Found the +0 mask of the Dragon {Will+ Slay+3 SInv}
 42605 | Zot:2    | Reached XP level 26. HP: 265/265 MP: 22/22
 42763 | Zot:2    | Acquired the scarf of the Alphagorgon {+Inv, rF++}
 42764 | Zot:2    | Acquired 446 gold pieces
 42765 | Zot:2    | Acquired 488 gold pieces
 43388 | Zot:3    | Identified the serpent talisman of Untruth {+Blink rC-
                  | rN++}
 43539 | Zot:3    | Reached skill level 27 in Unarmed Combat
 44445 | Zot:4    | Noticed Vv
 44798 | Zot:4    | Killed Vv
 45070 | Zot:4    | Identified the scarf of the Gloaming {shadows, Will+
                  | Stlth+}
 45390 | Zot:5    | Entered Level 5 of the Realm of Zot
 45411 | Zot:5    | Noticed an ancient lich
 46034 | Zig:1    | Entered Level 1 of a ziggurat
 46069 | Zig:2    | Entered Level 2 of a ziggurat
 46082 | Zig:2    | Identified the +0 troll leather armour of the Mackerel
                  | {rPois Regen+ rCorr Dex+4 Slay-2}
 46093 | Zig:3    | Entered Level 3 of a ziggurat
 46154 | Zig:4    | Entered Level 4 of a ziggurat
 46159 | Zig:4    | Reached XP level 27. HP: 279/279 MP: 22/22
 46204 | Zig:5    | Entered Level 5 of a ziggurat
 46209 | Zig:5    | Noticed a royal mummy
 46218 | Zig:5    | Killed a royal mummy
 46221 | Zig:5    | Identified the +3 leather armour "Pacsalom" {rN+ Regen+
                  | Dex+2}
 46225 | Zig:5    | Got the Discursus on the Glowing Chill
 46230 | Zig:6    | Entered Level 6 of a ziggurat
 46249 | Zig:6    | Gained mutation: Your body sometimes deteriorates upon
                  | taking damage. [a shining eye]
 46257 | Zig:6    | Identified the +10 glaive of Integrity {elec, rC+ Will-
                  | rCorr}
 46274 | Zig:7    | Entered Level 7 of a ziggurat
 46280 | Zig:7    | Found the ring of the Octopus King
 46306 | Zig:7    | Identified a ring of the Octopus King {rC+ HP+2 AC+2 EV+2
                  | SH+2}
 46307 | Zig:7    | Identified the staff "Hell-Harrower" {Will++ Hexes Earth}
 46330 | Zig:8    | Entered Level 8 of a ziggurat
 46359 | Zig:8    | Got Heshresh's Parchment of the Salvo
 46367 | Zig:9    | Entered Level 9 of a ziggurat
 46424 | Zig:10   | Entered Level 10 of a ziggurat
 46463 | Zig:10   | Identified the ring of Oweigy {rElec rPois rF++ Str+6 SInv}
 46492 | Zig:11   | Entered Level 11 of a ziggurat
 46549 | Zig:11   | Identified the staff "Kiudy" {rC+ Will- MP+9 Necro Ice}
 46557 | Zig:12   | Entered Level 12 of a ziggurat
 46624 | Zig:12   | Identified the +8 dagger "Kint" {flame, *Slow rElec rN+}
 46657 | Zig:13   | Entered Level 13 of a ziggurat
 46673 | Zig:13   | Gained mutation: You are occasionally teleported next to
                  | monsters. [a shining eye]
 46674 | Zig:13   | Reached skill level 1 in Evocations
 46674 | Zig:13   | Gained mutation: Your magical capacity is low. (-10% MP) [a
                  | shining eye]
 46676 | Zig:13   | Gained mutation: Your spells are a little easier to cast,
                  | but a little less powerful. [a shining eye]
 46677 | Zig:13   | Gained mutation: Your body often deteriorates upon taking
                  | damage. [a shining eye]
 46696 | Zig:13   | Identified the +1 scale mail of Lugonu's Envy {Fly Str+2}
 46712 | Zig:13   | Lost mutation: Your spells are a little easier to cast, but
                  | a little less powerful. [potion of mutation]
 46712 | Zig:13   | Lost mutation: Your body often deteriorates upon taking
                  | damage. [potion of mutation]
 46712 | Zig:13   | Lost mutation: You are clumsy. (Dex -2) [potion of
                  | mutation]
 46712 | Zig:13   | Gained mutation: Your muscles are strong. (Str +4, Int/Dex
                  | -1) [potion of mutation]
 46712 | Zig:13   | Gained mutation: You are clumsy. (Dex -2) [potion of
                  | mutation]
 46712 | Zig:13   | Lost mutation: Your magical capacity is low. (-10% MP)
                  | [potion of mutation]
 46713 | Zig:13   | Lost mutation: Your muscles are strong. (Str +4, Int/Dex
                  | -1) [potion of mutation]
 46713 | Zig:13   | Lost mutation: You are resistant to electric shocks.
                  | (rElec) [potion of mutation]
 46713 | Zig:13   | Gained mutation: You have a beak for a mouth. [potion of
                  | mutation]
 46713 | Zig:13   | Lost mutation: You are occasionally teleported next to
                  | monsters. [potion of mutation]
 46717 | Zig:14   | Entered Level 14 of a ziggurat
 46735 | Zig:14   | Paralysed by accursed screaming for 2 turns
 46743 | Zig:14   | Paralysed by accursed screaming for 2 turns
 46830 | Hell     | Entered the Vestibule of Hell
 46832 | Hell     | Noticed Geryon
 46930 | Hell     | Killed Geryon
 47049 | Pan      | Entered the realm of Gloorx Vloq.
 47049 | Pan      | Entered Pandemonium
 47049 | Pan      | Found a bloodstained altar of Trog.
 47326 | Pan      | Found an exit through the horrors of the Abyss.
 48084 | Pan      | Noticed Gloorx Vloq
 48092 | Pan      | Killed Gloorx Vloq
 48187 | Pan      | Got a dark rune of Zot
 48318 | Pan      | Noticed Zigrots the pandemonium lord
 48320 | Pan      | Gained mutation: You occasionally lose the ability to drink
                  | potions when taking damage. [a neqoxec]
 48327 | Pan      | Killed Zigrots the pandemonium lord
 48434 | Pan      | Found a white marble altar of Elyvilon.
 48983 | Pan      | Identified the +3 buckler of the Jabberwock {Int+3 Dex+4}
 49068 | Pan      | Found a glowing silver altar of Zin.
 49694 | Pan      | Noticed a seraph
 49706 | Pan      | Identified the -2 buckler "Busosoir" {Int+3}
 49708 | Pan      | Killed a seraph
 49732 | Pan      | Found a glowing golden altar of the Shining One.
 49763 | Pan      | Identified the +6 scimitar of the Resonant God {flame, Fly
                  | rF- rN+ Int+4}
 49768 | Pan      | Identified the +0 dagger "Killer Bee's Bane" {drain, rElec
                  | rPois}
 49779 | Pan      | Got a demonic rune of Zot
 49783 | Pan      | Learned a level 2 spell: Blink
 49787 | Pan      | Learned a level 3 spell: Swiftness
 49796 | Pan      | Learned a level 8 spell: Disjunction
 49802 | Pan      | Learned a level 5 spell: Silence
 49960 | Pan      | Entered the realm of Cerebov.
 50456 | Pan      | Identified the +2 robe "Ustrekh" {Str+2}
 50456 | Pan      | Identified the ring "Duem Wid" {rElec rF+ rCorr}
 50699 | Pan      | Found the +6 sword of Cerebov {flame}
 50699 | Pan      | Noticed Cerebov
 50700 | Pan      | Identified the +4 scimitar of Fociged {speed, Int+3}
 50723 | Pan      | Killed Cerebov
 50795 | Pan      | Got a fiery rune of Zot
 50875 | Pan      | Got the Tractate on the Sympathetic Maleficium
 50877 | Pan      | Identified the ring of Day {rPois SInv}
 50995 | Pan      | Gained mutation: You sometimes lose the ability to drink
                  | potions when taking damage. [a cacodemon]
 51149 | Pan      | Gained mutation: You occasionally shout uncontrollably at
                  | your foes. [a cacodemon]
 51150 | Pan      | Gained mutation: You possess an exceptional clarity of
                  | mind. [a cacodemon]
 51177 | Pan      | Noticed Siuklech the pandemonium lord
 51183 | Pan      | Killed Siuklech the pandemonium lord
 51250 | Pan      | Noticed Ziaceebi the pandemonium lord
 51256 | Pan      | Killed Ziaceebi the pandemonium lord
 51419 | Pan      | Noticed Lovuexoc the pandemonium lord
 51426 | Pan      | Killed Lovuexoc the pandemonium lord
 51773 | Pan      | Entered the realm of Lom Lobon.
 51842 | Pan      | Noticed Ignacio
 51849 | Pan      | Killed Ignacio
 52396 | Pan      | Noticed Lom Lobon
 52420 | Pan      | Killed Lom Lobon
 52428 | Pan      | Got a magical rune of Zot
 52599 | Pan      | Noticed Cifoelepp the pandemonium lord
 52643 | Pan      | Noticed Ziashraret the pandemonium lord
 52649 | Pan      | Killed Ziashraret the pandemonium lord
 52669 | Pan      | Lost mutation: You have a beak for a mouth. [potion of
                  | mutation]
 52669 | Pan      | Lost mutation: You possess an exceptional clarity of mind.
                  | [potion of mutation]
 52669 | Pan      | Gained mutation: Your flesh is cold resistant. (rC+)
                  | [potion of mutation]
 52669 | Pan      | Gained mutation: You are strong-willed. (Will+) [potion of
                  | mutation]
 52669 | Pan      | Gained mutation: You are covered in thick fur. (AC +2)
                  | [potion of mutation]
 52670 | Pan      | Lost mutation: You are strong-willed. (Will+) [potion of
                  | mutation]
 52670 | Pan      | Lost mutation: Your flesh is cold resistant. (rC+) [potion
                  | of mutation]
 52670 | Pan      | Lost mutation: You sometimes lose the ability to drink
                  | potions when taking damage. [potion of mutation]
 52670 | Pan      | Gained mutation: You are vulnerable to heat. (rF-) [potion
                  | of mutation]
 52670 | Pan      | Gained mutation: Your magical capacity is low. (-10% MP)
                  | [potion of mutation]
 52671 | Pan      | Lost mutation: You are covered in thick fur. (AC +2)
                  | [potion of mutation]
 52671 | Pan      | Lost mutation: You occasionally shout uncontrollably at
                  | your foes. [potion of mutation]
 52671 | Pan      | Gained mutation: Your spells are a little harder to cast,
                  | but a little more powerful. [potion of mutation]
 52672 | Pan      | Lost mutation: Your magical capacity is low. (-10% MP)
                  | [potion of mutation]
 52672 | Pan      | Lost mutation: You occasionally lose the ability to drink
                  | potions when taking damage. [potion of mutation]
 52672 | Pan      | Lost mutation: Your spells are a little harder to cast, but
                  | a little more powerful. [potion of mutation]
 52672 | Pan      | Gained mutation: Your body often deteriorates upon taking
                  | damage. [potion of mutation]
 52672 | Pan      | Gained mutation: Your health recovers twice as slowly from
                  | being drained. [potion of mutation]
 52672 | Pan      | Gained mutation: You are dopey. (Int -2) [potion of
                  | mutation]
 52673 | Pan      | Lost mutation: Your health recovers twice as slowly from
                  | being drained. [potion of mutation]
 52673 | Pan      | Lost mutation: You are dopey. (Int -2) [potion of mutation]
 52673 | Pan      | Gained mutation: You sometimes lose your temper in combat.
                  | [potion of mutation]
 52673 | Pan      | Gained mutation: You are somewhat resistant to further
                  | mutation. [potion of mutation]
 52674 | Pan      | Lost mutation: You are vulnerable to heat. (rF-) [potion of
                  | mutation]
 52674 | Pan      | Lost mutation: You sometimes lose your temper in combat.
                  | [potion of mutation]
 52674 | Pan      | Lost mutation: Your body often deteriorates upon taking
                  | damage. [potion of mutation]
 52674 | Pan      | Gained mutation: Your body often deteriorates upon taking
                  | damage. [potion of mutation]
 52691 | Pan      | Found an exit through the horrors of the Abyss.
 52806 | Depths:2 | Escaped Pandemonium
 52808 | Pan      | Entered Pandemonium
 52973 | Pan      | Entered the realm of Mnoleg.
 53032 | Pan      | Found an exit through the horrors of the Abyss.
 53136 | Pan      | Noticed Mnoleg
 53364 | Pan      | Killed Mnoleg
 53382 | Pan      | Got a glowing rune of Zot
 53456 | Pan      | Took an exit into the Abyss.
 53456 | Abyss:1  | Escaped into the Abyss
 53683 | Abyss:2  | Found a corrupted altar of Lugonu.
 54000 | Abyss:3  | Noticed a dread lich
 54005 | Abyss:3  | Killed a dread lich
 54146 | Abyss:3  | Paralysed by accursed screaming for 1 turns
 54428 | Abyss:3  | Paralysed by accursed screaming for 1 turns
 54431 | Abyss:3  | Paralysed by accursed screaming for 1 turns
 54550 | Abyss:3  | Got an abyssal rune of Zot
 54567 | Depths:2 | Escaped the Abyss
 54693 | Hell     | Found a gateway to the Iron City of Dis.
 54745 | Hell     | Found a gateway to the ashen valley of Gehenna.
 54818 | Hell     | Found a gateway to the decaying netherworld of Tartarus.
 54855 | Hell     | Found a gateway to the freezing wastes of Cocytus.
 54919 | Coc:1    | Entered Level 1 of Cocytus
 55224 | Coc:4    | Paralysed by a wendigo for 1 turns
 55255 | Coc:5    | Reached skill level 27 in Fighting
 55347 | Coc:6    | Reached skill level 5 in Evocations
 55573 | Coc:7    | Entered Level 7 of Cocytus
 55577 | Coc:7    | Paralysed by a wendigo for 1 turns
 55638 | Coc:7    | Noticed the Serpent of Hell
 55642 | Coc:7    | Killed the Serpent of Hell
 55683 | Coc:7    | Paralysed by a wendigo for 1 turns
 55713 | Coc:7    | Noticed Antaeus
 55713 | Coc:7    | Found the +8 longbow "Zephyr" {speed, Dex+3 SInv}
 55724 | Coc:7    | Killed Antaeus
 55736 | Coc:7    | Got an icy rune of Zot
 55755 | Coc:7    | Identified the +5 scale mail "Utohai" {-Tele rCorr Str+8}
 55913 | Geh:1    | Entered Level 1 of Gehenna
 55951 | Geh:2    | Reached skill level 15 in Dodging
 56228 | Geh:4    | You are sucked into a shaft and drop 1 floor!
 56521 | Geh:7    | Entered Level 7 of Gehenna
 56700 | Geh:7    | Reached skill level 10 in Evocations
 57335 | Geh:7    | Identified the +8 hand axe of Axkitob {protect, rElec rF+
                  | Will+ Int+3}
 57336 | Geh:7    | Identified the +6 long sword "Paogis" {freeze, rF+ rCorr}
 57343 | Geh:7    | Identified the +5 great sword of Riontays {speed, Dex+6}
 57508 | Geh:7    | Found the +13 sceptre of Asmodeus
 57508 | Geh:7    | Noticed Asmodeus
 57522 | Geh:7    | Killed Asmodeus
 57573 | Geh:7    | Got an obsidian rune of Zot
 57717 | Tar:1    | Entered Level 1 of Tartarus
 57776 | Tar:2    | You fall into a shaft and drop 2 floors!
 57799 | Abyss:3  | Cast into level 3 of the Abyss (profane servitor)
 57830 | Tar:5    | Escaped the Abyss
 57840 | Tar:5    | Noticed a dread lich
 57885 | Tar:7    | Entered Level 7 of Tartarus
 58237 | Tar:7    | Noticed Ereshkigal
 58245 | Tar:7    | Killed Ereshkigal
 58265 | Tar:7    | Got a bone rune of Zot
 58593 | Dis:1    | Entered Level 1 of the Iron City of Dis
 58980 | Dis:4    | Noticed an ancient lich
 59001 | Dis:4    | Killed an ancient lich
 59114 | Dis:7    | Entered Level 7 of the Iron City of Dis
 59437 | Dis:7    | Noticed a juggernaut
 59439 | Dis:7    | Killed a juggernaut
 59571 | Dis:7    | Reached skill level 15 in Evocations
 59615 | Dis:7    | Noticed a juggernaut
 59619 | Dis:7    | Killed a juggernaut
 59625 | Dis:7    | Noticed Dispater
 59638 | Dis:7    | Killed Dispater
 59643 | Dis:7    | Identified the amulet of Ovitiatu {Faith rN+ Dex+5 Stlth+}
 59675 | Dis:7    | Got an iron rune of Zot
 60083 | Crypt:1  | Entered Level 1 of the Crypt
 60842 | Crypt:1  | Reached skill level 1 in Armour
 60900 | Crypt:1  | Found a basalt altar of Yredelemnul.
 62549 | Crypt:1  | Identified the +1 battleaxe of Anuja {antimagic, rCorr
                  | Int+3}
 62571 | Crypt:1  | Reached skill level 5 in Armour
 62966 | Crypt:2  | Noticed Xtahua
 62972 | Crypt:2  | Killed Xtahua
 63451 | Crypt:3  | Entered Level 3 of the Crypt
 63636 | Crypt:3  | Noticed a royal mummy
 63642 | Crypt:3  | Noticed Khufu
 63644 | Crypt:3  | Killed a royal mummy
 63645 | Crypt:3  | Noticed a royal mummy
 63648 | Crypt:3  | Killed Khufu
 63664 | Crypt:3  | Killed a royal mummy
 63803 | Crypt:3  | Reached skill level 10 in Armour
 64093 | Crypt:3  | Noticed Mennas
 64129 | Crypt:3  | Killed Mennas
 64171 | Crypt:3  | Identified the +5 robe of Heuwk {^Drain +Blink rCorr Str+4}
 64180 | Crypt:3  | Identified the staff "Listair" {+Blink rPois rN+ Int-4
                  | Dex-2 Necro}
 64180 | Crypt:3  | Identified the death talisman of the Piercing Gods {Str+3
                  | Dex+5}
 64430 | Crypt:3  | Found a staircase to the Tomb.
 64476 | Tomb:1   | Entered Level 1 of the Tomb of the Ancients
 64701 | Tomb:1   | Noticed a royal mummy
 64710 | Tomb:1   | Killed a royal mummy
 64740 | Tomb:1   | Identified the +2 robe "Tuug" {^Contam rElec rPois Dex+3}
 64740 | Tomb:1   | Noticed Boris
 64755 | Tomb:1   | Killed Boris
 65262 | Tomb:2   | Noticed a royal mummy
 65262 | Tomb:2   | Noticed a royal mummy
 65262 | Tomb:2   | Noticed a royal mummy
 65265 | Tomb:2   | Noticed a royal mummy
 65268 | Tomb:2   | Killed a royal mummy
 65276 | Tomb:2   | Noticed a royal mummy
 65320 | Tomb:2   | Killed a royal mummy
 65334 | Tomb:2   | Killed a royal mummy
 65356 | Tomb:2   | Killed a royal mummy
 65368 | Tomb:2   | Killed a royal mummy
 65737 | Tomb:1   | Noticed a royal mummy
 65742 | Tomb:1   | Noticed a royal mummy
 65753 | Tomb:1   | Killed a royal mummy
 65769 | Tomb:1   | Noticed a royal mummy
 65776 | Tomb:1   | Noticed a royal mummy
 65783 | Tomb:1   | Killed a royal mummy
 65791 | Tomb:1   | Killed a royal mummy
 65797 | Tomb:1   | Killed a royal mummy
 65798 | Tomb:1   | Noticed a royal mummy
 65807 | Tomb:1   | Killed a royal mummy
 65839 | Tomb:1   | Noticed a royal mummy
 65843 | Tomb:1   | Noticed a royal mummy
 65845 | Tomb:1   | Killed a royal mummy
 65845 | Tomb:1   | Noticed a royal mummy
 65853 | Tomb:1   | Killed a royal mummy
 65855 | Tomb:1   | Killed a royal mummy
 65856 | Tomb:1   | Reached skill level 15 in Armour
 65885 | Tomb:1   | Noticed a royal mummy
 65889 | Tomb:1   | Killed a royal mummy
 65890 | Tomb:1   | Noticed a royal mummy
 65892 | Tomb:1   | Noticed a royal mummy
 65897 | Tomb:1   | Noticed a royal mummy
 65897 | Tomb:1   | Noticed a royal mummy
 65897 | Tomb:1   | Killed a royal mummy
 65898 | Tomb:1   | Killed a royal mummy
 65902 | Tomb:1   | Killed a royal mummy
 65906 | Tomb:1   | Killed a royal mummy
 65911 | Tomb:1   | Noticed a royal mummy
 65912 | Tomb:1   | Noticed a royal mummy
 65921 | Tomb:1   | Killed a royal mummy
 65922 | Tomb:1   | Killed a royal mummy
 65942 | Tomb:1   | Noticed a royal mummy
 65945 | Tomb:1   | Noticed a royal mummy
 65947 | Tomb:1   | Killed a royal mummy
 65964 | Tomb:1   | Killed a royal mummy
 65967 | Tomb:1   | Noticed a royal mummy
 65972 | Tomb:1   | Killed a royal mummy
 66195 | Tomb:3   | Entered Level 3 of the Tomb of the Ancients
 66202 | Tomb:3   | Noticed a royal mummy
 66202 | Tomb:3   | Noticed a royal mummy
 66208 | Tomb:3   | Noticed a royal mummy
 66209 | Tomb:3   | Noticed a royal mummy
 66209 | Tomb:3   | Killed a royal mummy
 66220 | Tomb:3   | Noticed a royal mummy
 66223 | Tomb:3   | Killed a royal mummy
 66224 | Tomb:3   | Noticed a royal mummy
 66228 | Tomb:3   | Noticed a royal mummy
 66242 | Tomb:3   | Noticed a royal mummy
 66250 | Tomb:3   | Noticed a royal mummy
 66265 | Tomb:3   | Killed a royal mummy
 66265 | Tomb:3   | Killed a royal mummy
 66267 | Tomb:3   | Killed a royal mummy
 66363 | Tomb:3   | Killed a royal mummy
 66365 | Tomb:3   | Killed a royal mummy
 66382 | Tomb:3   | Found the +1 robe of Vines {NoPotionHeal Regen++++}
 66401 | Tomb:3   | Killed a royal mummy
 66425 | Tomb:3   | Killed a royal mummy
 66474 | Tomb:3   | Got a golden rune of Zot
 67491 | Zot:5    | Noticed an orb of fire
 67500 | Zot:5    | Paralysed by a Zot trap for 4 turns
 67518 | Zot:5    | Killed an orb of fire
 67555 | Zot:5    | Noticed an orb of fire
 67564 | Zot:5    | Killed an orb of fire
 67577 | Zot:5    | Killed an ancient lich
 67592 | Zot:5    | Noticed an ancient lich
 67598 | Zot:5    | Killed an ancient lich
 67747 | Zot:5    | Got the Orb of Zot
 68108 | Depths:4 | Noticed a seraph
 68121 | Depths:4 | Killed a seraph
 68303 | D:13     | Noticed Egurun the pandemonium lord
 68555 | D:$      | Escaped with the Orb!

Illustrated notes

Levels and vault maps discovered:
D:1:      dpeg_arrival_more_subterranean_lakeside_camping, layout_basic
D:2:      layout_basic
D:3:      layout_loops_ring, shapermc_ecumenical_altar_notcrosses, minivault_24,
          uniq_jessica, uniq_ijyb
D:4:      layout_basic, minitemple, serial_shops, shop, uniq_blork_the_orc
D:5:      layout_loops_corners, uniq_eustachio, uniq_duvessa
D:6:      due_chaos_kobolds, layout_basic, small_statue_intersection,
          uniq_maggie
D:7:      layout_cave_pools, minmay_temple_entry_statues_fountains,
          gammafunk_ghost_berserking_beasts
D:8:      layout_cave_pools, mainiacjoe_overflow_swirl, slow_altar_2,
          serial_gnoll_camp, gnoll_camp_mini_sergeant,
          gnoll_camp_mini_loothouse, gnoll_camp_mini_hut,
          gnoll_camp_mini_doghouse, gnoll_camp_mini_hut, serial_shops,
          nicolae_shop_mannequins, uniq_amaemon
D:9:      cheibrodos_barr_body, layout_basic, hellmonk_lair_entry_icy
D:10:     layout_basic, mainiacjoe_overflow_catwalk,
          mainiacjoe_overflow_small_starburst, hiddenorc2_lemuel, enter_trove_2
D:11:     layout_roguey, nicolae_vehumet_radiance
D:12:     layout_roguey, fedhas_altar_2, uniq_psyche
D:13:     layout_irregular_city, skrybe_vaults_entry_preservation, minivault_26,
          serial_bayou_lagoon_a, hangedman_corner_corridor, uniq_sonja
D:14:     layout_rooms, minmay_misc_feat_cross, small_chamber_with_monster,
          uniq_azrael
D:15:     grunt_enter_depths_magical_seal, layout_cave_pools, serial_bayou,
          serial_bayou_ford_a, serial_bayou_pond_c, serial_bayou_pond_e,
          serial_bayou_lake_a
Temple:   nicolae_temple_godzebo
Lair:1:   layout_regular_city, basic_altar, gammafunk_lair_bear_cave,
          grunt_megastairs_4
Lair:2:   cheibrodos_lair_river_kwai, layout_loops_ring
Lair:3:   layout_hall_layers, minmay_shoals_entry_beasts,
          minmay_snake_entry_spellcaster, nicolae_lair_grove_arrangements
Lair:4:   layout_cave_shapes, hellmonk_guarded_unrand_seven_league_boots
Lair:5:   hangedman_lair_caniforms_friends, layout_small_grid, wormcave,
          nicolae_slime_entry_slimehenge, portal_ice_cave_entry_ice_simulacra,
          grunt_forest_small_clearings, nicolae_lair_time_for_slime,
          infiniplex_staircase_pool_2
Shoals:1: layout_shoals
Shoals:2: cheibrodos_shoals_gigantism, layout_shoals
Shoals:3: layout_shoals, lemuel_centaur_altar, uniq_polyphemus
Shoals:4: shoals_end_hangedman, layout_shoals, nicolae_shoals_sun_and_surf
Snake:1:  kennysheep_snake, layout_honeycomb
Snake:2:  layout_onion_interference, nicolae_snake_scaly_snakehead, uniq_roxanne
Snake:3:  layout_layer_cave, serial_shops, nicolae_shop_dealshenge,
          nicolae_wooded_promenade, nicolae_snake_snakes_in_the_grass,
          uniq_aizul
Snake:4:  grunt_snake_rune_spirals, layout_onion, st_stairs_13,
          grunt_ministairs_12, nicolae_snake_bzzzt
Slime:1:  layout_caves
Slime:2:  layout_caves
Slime:3:  cheibrodos_slime_lost_civilization_9, layout_caves,
          cheibrodos_slime_lost_civilization_7
Slime:4:  nicolae_slime_spelunking
Slime:5:  slime_pit, uniq_dissolution
Orc:1:    layout_diamond_mine, nicolae_orc_minecarts
Orc:2:    grunt_orc_community_town_hall, layout_caves,
          grunt_orc_community_big_house_1, grunt_orc_community_big_house_1,
          grunt_orc_community_house_3, grunt_orc_community_house_2,
          grunt_orc_community_house_1, grunt_orc_community_house_3,
          grunt_orc_community_house_1, nicolae_volcano_entry_two_sided,
          uniq_erolcha
Elf:1:    nicolae_elf_arrival_aired_out, layout_gridlike, serial_shops, shop,
          evilmike_minifort, kilobyte_rumbling_trees
Elf:2:    nicolae_elf_blades_splatter_lattice
          [nicolae_vaults_blade_armed_guards], layout_onion_city, uniq_zenata
Elf:3:    minmay_elf_hall_x, layout_loops_cross, mu_enter_wizlab_6
Vaults:1: ontoclasm_vaults_ring_square, nicolae_vaults_disjoint_gnomons,
          nicolae_vaults_meiosis, nicolae_vaults_angled_halls,
          nicolae_vaults_offset_grid_hallway_1, vaults_dpeg_emergency_exit,
          vaults_dpeg_diagonal, nicolae_vaults_weapon_check,
          ontoclasm_vaults_decontamination, nicolae_vaults_storage_closets_1,
          nicolae_vaults_trapezoid_1, nicolae_vaults_six-pack,
          vaults_room_pools, layout_vaults_omnicross, serial_shops,
          nicolae_shop_statue_plus, nicolae_shop_tiny_real_fake_doors
Vaults:2: portal_desolation_entry_twin_temple, v_rooms_5,
          nicolae_vaults_offset_grid_hallway_4, vaults_room_corners,
          grunt_vaults_diagonal, nicolae_vaults_prndl,
          nicolae_vaults_mini_display_case, nicolae_vaults_sightless_eye,
          minmay_crypt_entry_simple_round, nicolae_vaults_closet_pinwheel_2,
          nicolae_vaults_tetromino_L_1, v_misc_29, layout_vaults_ring,
          serial_shops, nicolae_shop_hallway_stairs
Vaults:3: nicolae_vaults_trapezoid_lopsided_1, vaults_room_door_hall,
          nicolae_vaults_hexular_roomagon, vaults_mumra_hexcomb,
          ontoclasm_vaults_eye, nicolae_vaults_more_shelving_1, v_misc_12,
          nicolae_vaults_asterisk, vaults_mumra_minichess,
          nicolae_vaults_tetromino_T_1, layout_vaults_quadrants, uniq_margery
Vaults:4: v_misc_28, st_star, ontoclasm_vaults_gateway,
          nicolae_vaults_tetromino_L_1, vaults_dpeg_hooks, v_misc_27,
          nicolae_vaults_little_squares_5, hangedman_vaults_capsules,
          hangedman_vaults_stretched_pinwheel, hangedman_vaults_snaps,
          nicolae_vaults_hexular_roomagon, ontoclasm_vaults_chip,
          nicolae_vaults_theta, nicolae_vaults_heist, v_misc_15,
          nicolae_vaults_hallways_thing, grunt_vaults_focal,
          layout_vaults_omnibox
Vaults:5
Crypt:1:  layout_gridlike, roadster_capsule_ark_zombie,
          grunt_crypt_arrival_split
Crypt:2:  layout_gridlike, uniq_xtahua
Crypt:3:  quadcrypt_mu, uniq_khufu, uniq_mennas
Tomb:1
Tomb:2
Tomb:3
Depths:1: layout_honeycomb, hellmouth_1, grunt_pan_entry_spiral,
          nicolae_qazlal_scattered_showers, serial_shops,
          nicolae_shop_rolling_square, minmay_misc_feat_square,
          nicolae_kikubaaqudgha_miasma_corner
Depths:2: four-leaf_vault, layout_basic, enter_ziggurat_d, serial_sigils,
          serial_sigils_hangedman_gnaw, serial_sigils_hangedman_snap,
          serial_sigils_hangedman_snap, serial_sigils_hangedman_quiver,
          grunt_hell_entry_dis_old, pan_entry, chequers_serial_rivers_micro_b,
          minmay_staircase_statues
Depths:3: grunt_deathspiral_small, layout_honeycomb, grunt_dithmenos_smoke,
          hell_entry, regret_index_abyss_entry_earlier_magic, serial_shops,
          nicolae_shop_window_shopping, nicolae_burly_brawl,
          serial_bayou_shore_b, uniq_josephina, uniq_norris
Depths:4: evilmike_zot_entry_gauntlet, layout_basic, hell_entry,
          hellmonk_ghost_happy_afterlife, serial_bayou_pond_a,
          grunt_gozag_statues, uniq_boris
Hell
Dis:1:    layout_gridville
Dis:2:    layout_regular_city
Dis:3:    layout_gridville, glass_columns_b, nicolae_hells_hurtin_island
Dis:4:    nicolae_dis_big_iron_x
Dis:5:    layout_subdivisions, lemuel_mystery_crypt
Dis:6:    layout_gridville
Dis:7:    dis_hangedman
Geh:1:    layout_gehenna_lava_caves
Geh:2:    layout_gehenna_pools_basic, nicolae_geh_lava_shack
Geh:3:    layout_gehenna_lava_caves
Geh:4:    layout_gehenna_lava_caves
Geh:5:    layout_gehenna_lava_caves
Geh:6:    layout_gehenna_pools_box
Geh:7:    evilmike_geh
Coc:1:    nicolae_coc_three_mouths, layout_ice_bergs
Coc:2:    layout_cocytus_water_paths
Coc:3:    nicolae_hells_demon_pit, layout_cocytus_water_paths
Coc:4:    layout_cocytus_water_paths
Coc:5:    layout_cocytus_delve, serial_ice, serial_ice_o, serial_ice_h,
          serial_ice_n
Coc:6:    layout_ice_bergs
Coc:7:    coc_grunt
Tar:1:    layout_catacombs
Tar:2:    layout_grid_maze
Tar:4:    layout_cathedral_of_symmetry
Tar:5:    minmay_shadows, layout_catacombs, nicolae_hells_leichenhalle
Tar:6:    layout_grid_maze
Tar:7:    tar_mu [tar_mu_maze]
Zot:1:    layout_misc_corridors, gammafunk_ghost_arena,
          regret_index_zotdec_under_construction, uniq_parghit
Zot:2:    ebering_greatest_show_in_zot, layout_cathedral_of_symmetry,
          regret_index_zotdec_decaying_vile,
          chequers_guarded_unrand_mask_of_the_dragon
Zot:3:    bobbens_index_wilting_gardens, layout_twisted_circle
Zot:4:    lemuel_firehouse, layout_onion_interference, uniq_vv
Zot:5:    layout_concentric_octagons

Skill      XL: |  1  2  3  4  5  6  7  8  9 10 11 12 13 14 15 16 17 18 19 20 21 22 23 24 25 26 27 |
---------------+----------------------------------------------------------------------------------+-----
Shields        | 3 4 5 6 7 8 9 10 11 12 13 14 15 16 17 18 20 | 20.1
Unarmed Combat | 3 4 5 6 7 9 11 12 13 14 16 17 18 19 22 24 25 26 27 | 27.0
Fighting       | 3 4 5 6 7 8 9 10 11 12 13 14 15 16 17 27 | 27.0
Dodging        | 3 4 5 6 7 9 10 20 | 20.1
Shapeshifting  | 4 10 13 14 15 16 17 18 19 20 25 | 25.0
Translocations | 3 7 10 12 | 12.8
Air Magic      | 3 7 9 11 | 11.7
Evocations     | 15 | 15.3
Armour         | 20 | 20.7

Action                     |  1- 3 |  4- 6 |  7- 9 | 10-12 | 13-15 | 16-18 | 19-21 | 22-24 | 25-27 || total
---------------------------+-------+-------+-------+-------+-------+-------+-------+-------+-------++-------
  Melee: Unarmed           |   116 |    90 |   267 |   611 |  1142 |   972 |  1204 |  1155 |  6214 || 11771
         Peck              |       |       |       |       |       |       |       |       |   317 ||   317
  Throw: Stone             |     2 |     3 |     2 |       |       |       |       |       |       ||     7
         Boomerang         |       |       |     5 |       |       |     1 |       |       |       ||     6
         Dart              |       |       |     1 |       |       |       |       |       |       ||     1
   Cast: Vhi's Electric Ch |       |       |       |       |       |       |       |    51 |    87 ||   138
 Invoke: Serpent's Lash    |       |       |       |     2 |     2 |       |       |       |     1 ||     5
         Heavenly Storm    |       |       |       |       |     3 |       |     1 |     1 |    24 ||    29
Ability: Lunge             |       |       |    18 |    64 |    67 |   118 |    94 |    73 |   452 ||   886
         Whirlwind         |       |       |     8 |    96 |   402 |   273 |   410 |   386 |  2044 ||  3619
         Wall Jump         |       |       |       |     1 |    10 |       |     3 |     3 |    15 ||    32
         Begin Untransform |       |       |       |       |       |       |       |     1 |       ||     1
  Evoke: Wand              |       |       |     5 |       |    14 |       |     1 |       |     3 ||    23
         Lightning rod     |       |       |       |       |       |       |       |       |     6 ||     6
         Tin of tremorston |       |       |       |       |       |       |       |       |     4 ||     4
         Box of beasts     |       |       |       |       |       |       |       |       |     2 ||     2
         Horn of Geryon    |       |       |       |       |       |       |       |       |     1 ||     1
         Phantom mirror    |       |       |       |       |       |       |       |       |     1 ||     1
    Use: Scroll            |     6 |     4 |     6 |    10 |     4 |     9 |     2 |     6 |    36 ||    83
         Potion            |       |     2 |     5 |       |     1 |       |       |     1 |    17 ||    26
   Stab: Distracted        |       |       |       |       |     3 |     3 |     2 |     1 |     6 ||    15
         Sleeping          |       |       |       |       |     3 |    13 |    12 |     3 |       ||    31
 Armour: Robe              |    64 |    57 |    76 |       |       |       |       |       |       ||   197
         Skin              |       |       |    16 |       |   311 |   492 |   501 |   736 |  2779 ||  4835
         Steam dragon scal |       |       |    73 |   126 |       |       |       |       |       ||   199
         Acid dragon scale |       |       |       |    91 |       |       |       |       |       ||    91
         Troll leather arm |       |       |       |    72 |   292 |       |       |       |       ||   364
         Gold dragon scale |       |       |       |       |       |       |       |       |   618 ||   618
  Dodge: Dodged            |    39 |    23 |    66 |   176 |   710 |   429 |   447 |   407 |  1833 ||  4130
  Block: Kite shield       |    42 |    37 |    77 |   275 |   673 |   141 |       |       |       ||  1245
         Tower shield      |       |       |       |       |       |  1054 |  1469 |  1302 |  6044 ||  9869
   Form: Statue            |       |       |       |       |     1 |       |       |     1 |     1 ||     3
         Death             |       |       |       |       |       |       |       |       |     2 ||     2

Table legend: (Time is in decaauts)
 A = Elapsed time spent in this place.
 B = Non-inter-level travel time spent in this place.
 C = Inter-level travel time spent in this place.
 D = Time resting spent in this place.
 E = Time spent auto-exploring this place.
 F = Levels seen in this place.
 G = Mean time per level.
                   A        B        C        D        E       F      G
               +--------+--------+--------+--------+--------+-----+--------+
         Total |  90072 |  77951 |  12121 |   1903 |  47391 | 126 |  714.9 |
       Dungeon |  15103 |  12204 |   2899 |    173 |   9156 |  15 | 1006.9 |
        Temple |     66 |      2 |     64 |      0 |      0 |   1 |   66.0 |
          Lair |   5325 |   4193 |   1132 |     60 |   3017 |   5 | 1065.0 |
        Shoals |   3499 |   3217 |    282 |      0 |   2281 |   4 |  874.8 |
     Snake Pit |   6720 |   6339 |    381 |      7 |   4573 |   4 | 1680.0 |
    Slime Pits |   1313 |    906 |    407 |     84 |    265 |   5 |  262.6 |
  Orcish Mines |   2291 |   1921 |    370 |      0 |   1428 |   2 | 1145.5 |
   Elven Halls |   4304 |   4047 |    257 |     93 |   2769 |   3 | 1434.7 |
        Vaults |   9193 |   7662 |   1531 |      0 |   5449 |   5 | 1838.6 |
         Crypt |   2469 |   2154 |    315 |     39 |   1339 |   3 |  823.0 |
          Tomb |   2246 |   1899 |    347 |    115 |    644 |   3 |  748.7 |
        Depths |   8049 |   6463 |   1586 |     19 |   5015 |   4 | 2012.2 |
          Hell |    922 |    699 |    223 |     13 |    396 |   1 |  922.0 |
           Dis |   1788 |   1504 |    284 |    324 |    228 |   7 |  255.4 |
       Gehenna |   2558 |   2404 |    154 |    150 |    565 |   7 |  365.4 |
       Cocytus |   1375 |   1239 |    136 |    361 |     39 |   7 |  196.4 |
      Tartarus |   1150 |    359 |    791 |      2 |     18 |   6 |  191.7 |
           Zot |   7643 |   6688 |    955 |    206 |   4650 |   5 | 1528.6 |
         Abyss |   1684 |   1684 |      0 |     21 |    433 |   5 |  336.8 |
   Pandemonium |   9167 |   9167 |      0 |    176 |   3903 |  16 |  572.9 |
      Ziggurat |   1040 |   1040 |      0 |     57 |    102 |  14 |   74.3 |
      Ice Cave |     71 |     71 |      0 |      0 |      3 |   1 |   71.0 |
       Volcano |    343 |    343 |      0 |      0 |    258 |   1 |  343.0 |
        Wizlab |    677 |    677 |      0 |      0 |    559 |   1 |  677.0 |
    Desolation |   1066 |   1066 |      0 |      0 |    295 |   1 | 1066.0 |
               +--------+--------+--------+--------+--------+-----+--------+

Top non-repeatable levels by time:
   Zot:3: 2385 daAuts
Depths:3: 2280 daAuts
Vaults:2: 2230 daAuts
 Snake:1: 2104 daAuts
Depths:2: 2021 daAuts
Depths:4: 1975 daAuts
Vaults:5: 1948 daAuts
 Snake:3: 1818 daAuts
Depths:1: 1772 daAuts
Vaults:3: 1749 daAuts
Vaults:1: 1699 daAuts
   Geh:7: 1683 daAuts
    D:13: 1665 daAuts
   Elf:2: 1637 daAuts
   Zot:2: 1635 daAuts
